 Dungeon Crawl Stone Soup version 0.28.0-43-g3370ac3207 (webtiles) character file.

Game seed: 6233630819843758830

2811 theElss the Skirmisher (level 9, -10/88 HPs)
             Began as a Gargoyle Berserker on Mar 6, 2022.
             Was a Believer of Trog.
             Mangled by a cyclops (28 damage)
             ... on level 8 of the Dungeon.
             The game lasted 00:17:53 (10862 turns).

theElss the Skirmisher (Gargoyle Berserker)        Turns: 10862, Time: 00:17:53

Health: -10/88     AC: 11    Str: 28    XL:     9   Next: 72%
Magic:  9/9        EV: 11    Int:  9    God:    Trog [**....]
Gold:   234        SH:  6    Dex: 11    Spells: 8/8 levels left

rFire   . . .      SeeInvis .   b - +1 whip (venom)
rCold   . . .      Faith    .   w - +0 kite shield
rNeg    + . .      Spirit   .   c - +0 leather armour
rPois   ∞          Reflect  .   (no helmet)
rElec   +          Harm     .   (no cloak)
rCorr   .          Rampage  .   (no gloves)
Will    ++...                   d - +0 pair of boots
Stlth   ..........              (no amulet)
HPRegen 1.24/turn               r - ring of Mirth {rPois Str+6}
MPRegen 0.11/turn               (no ring)

@: berserking (expiring), strong-willed, regenerating, very quick
A: sickness immunity, AC +6, negative energy resistance 1, electricity
resistance, torment resistance 1, petrification resistance
a: Renounce Religion, Berserk, Trog's Hand


You were on level 8 of the Dungeon.
You worshipped Trog.
Trog was pleased with you.
You visited 1 branch of the dungeon, and saw 8 of its levels.

You collected 353 gold pieces.
You spent 119 gold pieces at shops.

Inventory:

Hand Weapons
 a - a +1 whip of freezing
 b - a +1 whip of venom (weapon)
Armour
 c - a +0 leather armour (worn)
 d - a +0 pair of boots (worn)
 w - a +0 kite shield (worn)
Jewellery
 r - the ring of Mirth (left hand) {rPois Str+6}
   (You found it on level 5 of the Dungeon)

   [ring of strength]

   Str:       It affects your strength (+6).
   rPois:     It protects you from poison.
Wands
 e - a wand of acid (18)
 p - a wand of charming (10)
 q - a wand of iceblast (6)
Scrolls
 g - 2 scrolls of brand weapon
 k - a scroll of immolation
 m - a scroll of fear
 n - a scroll of enchant armour
 o - a scroll of fog {unknown}
 s - a scroll of enchant weapon {unknown}
 u - a scroll of identify
 v - 2 scrolls of teleportation
Potions
 f - a potion of cancellation
 h - 2 potions of flight
 i - a potion of haste
 j - 4 potions of curing
 l - 3 potions of lignification
 t - a potion of degeneration {unknown}


   Skills:
 + Level 7.8 Fighting
 + Level 7.2 Maces & Flails
 + Level 7.4 Armour
 + Level 5.6 Dodging


You had 8 spell levels left.
You didn't know any spells.
Your spell library was empty.

Dungeon Overview and Level Annotations

Branches:
Dungeon (8/15)             Temple (0/1) D:5
   Lair: D:8-11

Altars:
Ashenzari
Dithmenos
Sif Muna
Uskayaw
Yredelemnul
The Shining One

Shops:
D:4 *[[?=

Annotations:
D:4 1 runed translucent door, percal's ghost, amateur MiMo


Innate Abilities, Weirdness & Mutations

You are immune to sickness and miasma.
Your stone body is resilient. (AC +6)
You are immune to poison.
You resist negative energy. (rN+)
You are resistant to electric shocks. (rElec)
You are resistant to unholy torment.
You are immune to petrification.


Message History

You kill the water moccasin!
Trog accepts your kill.
You see here a +0 kite shield.
w - a +0 kite shield You start putting on your armour.
You continue putting on your +0 kite shield. x4
You finish putting on your +0 kite shield.
You start resting.
HP restored.
There is an open door here.
There is an open door here.
There is a stone staircase leading up here.
Things that are here:
a +0 dire flail; a +0 chain mail A cyclops comes into view.
The cyclops shouts!
The cyclops throws a large rock.
The large rock hits you!!!
Ouch! That really hurt!
Your skin crawls.
You feel strong-willed.
A red film seems to cover your vision as you go berserk!
You feel yourself moving faster!
You feel mighty!
The cyclops throws a large rock.
The large rock hits you!
* * * LOW HITPOINT WARNING * * *
You feel a strong urge to attack something.
You hit the cyclops.
The cyclops is poisoned.
The cyclops is lightly wounded.
The cyclops hits you!
* * * LOW HITPOINT WARNING * * *
You hit the cyclops.
The cyclops looks as sick as possible!
The cyclops is lightly wounded.
You hit the cyclops.
The cyclops is lightly wounded.
You block the cyclops's attack.
You completely miss the cyclops.
The cyclops is lightly wounded.
You hit the cyclops.
The cyclops looks as sick as possible!
The cyclops is moderately wounded.
The cyclops hits you!!
You die...

.# ##)#####.#
.####..).....#
........)###.#
.####...## #.# .#
#.....# #.#######.#
.# ##...##
#.........# ## ##.##
#####.###### #.#
#........# #.#
#..@.....# ##'##
#..C.###.# ##...##
#....... # #.....##
#......#.. #
###.....###......#
.#
###.#......##.....##
#
.#.#.......+.......
.#.#.......##.#...#
#.###.....##


You could see a cyclops (extremely poisoned).

Vanquished Creatures
  Pikel (D:4)
  An acid dragon (D:5)
  3 water moccasins
  Duvessa (D:6)
  An orc warrior (D:8)
  2 sky beasts
  An ogre (D:4)
  A phantom (D:4)
  A gnoll sergeant (D:7)
  A bullfrog (D:7)
  2 scorpions (D:5)
  A wyvern skeleton (D:7)
  Dowan (D:6)
  4 killer bees (D:8)
  A wight (D:6)
  3 centaur zombies (D:8)
  2 bullfrog zombies (D:6)
  A hound (D:6)
  2 jellies (D:6)
  7 orc priests
  3 centaur skeletons
  Ijyb (D:5)
  3 orc wizards
  A killer bee zombie (D:6)
  3 gnolls
  8 adders
  A white imp (D:6)
  2 ufetubi
  3 worms
  25 orcs
  8 ball pythons
  7 endoplasms
  A giant cockroach (D:1)
  7 goblins
  7 hobgoblins
  4 kobolds
  4 quokkas (D:3)
  3 bats
  A frilled lizard (D:3)
  4 rats
  A spectral orc (D:6)
134 creatures vanquished.

Vanquished Creatures (others)
  A kobold (D:1)
1 creature vanquished.

Grand Total: 135 creatures vanquished

Notes
Turn   | Place    | Note
-------+----------+-------------------------------------------
     0 | D:1      | theElss the Gargoyle Berserker began the quest for the Orb.
     0 | D:1      | Reached XP level 1. HP: 14/14 MP: 1/1
   342 | D:1      | Found a faded altar of an unknown god.
   534 | D:1      | Reached XP level 2. HP: 17/19 MP: 2/2
  1762 | D:2      | Reached XP level 3. HP: 19/24 MP: 3/3
  2641 | D:3      | Reached XP level 4. HP: 23/29 MP: 4/4
  2765 | D:3      | Reached XP level 5. HP: 12/33 MP: 5/5
  2769 | D:3      | HP: 1/33 [orc/+0 hand axe (3)]
  3218 | D:3      | Reached ** piety under Trog
  3325 | D:3      | Identified the +0 chain mail "Ciokhaka" {rPois Dex-3
                  | Slay+2}
  3551 | D:4      | Found Yga Uthre's Antique Armour Shop.
  3801 | D:4      | Reached XP level 6. HP: 15/39 MP: 6/6
  3805 | D:5      | Entered Level 5 of the Dungeon
  3805 | D:5      | Noticed Pikel
  3882 | D:4      | Found Epoef's Magic Scroll Shop.
  3900 | D:4      | Bought a scroll of identify for 28 gold pieces
  3900 | D:4      | Bought a scroll of teleportation for 42 gold pieces
  3919 | D:4      | Found Qydu's Antique Armour Shoppe.
  3966 | D:4      | Found a shimmering blue altar of Sif Muna.
  3995 | D:4      | Found Jiaj's General Store.
  4305 | D:4      | Found a runed translucent door.
  4305 | D:4      | Noticed percal's ghost (amateur MiMo)
  4492 | D:4      | Found Foujil's Jewellery Emporium.
  4759 | D:4      | Identified the ring of Joxzah Ryaf {rN+ Str+6 Slay+3 SInv
                  | Stlth+}
  4842 | D:4      | Bought a scroll of fear for 49 gold pieces
  5142 | D:4      | Killed Pikel
  5143 | D:4      | Reached skill level 5 in Fighting
  5143 | D:4      | Reached skill level 5 in Maces & Flails
  5143 | D:4      | Reached skill level 5 in Armour
  5143 | D:4      | Reached XP level 7. HP: 44/44 MP: 7/7
  5271 | D:5      | Reached XP level 8. HP: 37/51 MP: 8/8
  5409 | D:5      | Found a staircase to the Ecumenical Temple.
  5580 | D:5      | Noticed Ijyb
  6223 | D:5      | Found a hide-covered altar of Uskayaw.
  6223 | D:5      | Found a glowing golden altar of the Shining One.
  6223 | D:5      | Found a shadowy altar of Dithmenos.
  6543 | D:5      | Killed Ijyb
  6758 | D:5      | Identified the ring of Mirth {rPois Str+6}
  7184 | D:6      | Found a basalt altar of Yredelemnul.
  7777 | D:6      | Noticed Duvessa
  7777 | D:6      | Noticed Dowan
  7785 | D:6      | Killed Duvessa
  7793 | D:6      | Killed Dowan
  7794 | D:6      | Reached XP level 9. HP: 56/56 MP: 9/9
  8060 | D:7      | Reached skill level 5 in Dodging
  8173 | D:7      | Found a broken altar of Ashenzari.
 10852 | D:8      | Noticed a cyclops
 10862 | D:8      | Mangled by a cyclops

Illustrated notes

Levels and vault maps discovered:
D:1:      roderic_dead_forest, layout_loops_corners,
          ebering_ecumenical_altar_petrified, lemuel_flame_loot_1
D:2:      layout_loops_ring
D:3:      layout_rooms
D:4:      layout_loops_ring, nicolae_sif_muna_condensation,
          ebering_ghost_inner_flame, serial_shops, shop, nicolae_shop_crystal,
          shop, nicolae_shop_hallway_stairs, shop_scrolls
D:5:      layout_loops_ring, gammafunk_temple_overflow_claw,
          minmay_temple_entry_hall, uniq_ijyb, uniq_pikel
D:6:      layout_loops_ring, yredelemnul_forgotten_temple_becter,
          kennysheep_potato, uniq_duvessa
D:7:      layout_layer_cave, mainiacjoe_overflow_boulevard, st_stairs_7,
          minivault_27, kennysheep_generic_room_3
D:8:      layout_loops_corners, grunt_decor_resistance

Skill      XL: |  1  2  3  4  5  6  7  8  9 |
---------------+----------------------------+-----
Dodging        | 2 3 4 5 |  5.6
Armour         | 3 5 6 7 |  7.4
Fighting       | 4 5 6 7 |  7.8
Maces & Flails | 4 5 6 7 |  7.2

Action                   |  1- 3 |  4- 6 |  7- 9 || total
-------------------------+-------+-------+-------++-------
Melee: Mace              |   123 |   175 |    76 ||   374
       Punch             |     1 |       |     9 ||    10
       Whip              |       |       |   304 ||   304
Invok: Berserk           |     1 |     7 |     9 ||    17
       Trog's Hand       |       |     1 |     3 ||     4
  Use: Potion            |       |     2 |       ||     2
       Scroll            |       |     8 |     4 ||    12
 Stab: Sleeping          |       |     1 |       ||     1
Armor: Animal skin       |     7 |       |       ||     7
       Leather armour    |    40 |    79 |   160 ||   279
Dodge: Dodged            |    70 |   127 |   205 ||   402
Block: Kite shield       |       |       |     1 ||     1
